 Seeded DCSS version 0.25.1-2-g60ff931df9 (webtiles) character file.

Game seed: 12364180997856489815 (custom seed)

14 babuloseo the Vexing (level 2, -6/21 HPs)
             Began as a Human Arcane Marksman on Nov 3, 2020.
             Mangled by an ogre
             ... wielding a +0 giant club
              (27 damage)
             ... on level 4 of the Dungeon.
             The game lasted 00:01:17 (296 turns).

babuloseo the Vexing (Human Arcane Marksman)         Turns: 296, Time: 00:01:17

Health: -6/21      AC:  2    Str:  9 (10) XL:     2   Next: 55%
Magic:  0/3        EV: 12    Int: 12 (13) God:
Gold:   0          SH:  0    Dex: 10 (13) Spells: 0/3 levels left

rFire    . . .     SeeInvis .   a - +0 shortbow
rCold    . . .     Gourm    .   (shield currently unavailable)
rNeg     . . .     Faith    .   e - +0 robe
rPois    .         Spirit   .   (no helmet)
rElec    .         Reflect  .   (no cloak)
rCorr    .         Harm     .   (no gloves)
MR       .....                  (no boots)
Stlth    +.........             (no amulet)
HPRegen  0.07/turn              (no ring)
MPRegen  0.08/turn              (no ring)

@: very slightly contaminated
A: no striking features
a: no special abilities


You were on level 4 of the Dungeon.
You were not hungry.

You visited 1 branch of the dungeon, and saw 4 of its levels.

Inventory:

Hand Weapons
 a - a +0 shortbow (weapon)
Missiles
 d - 94 arrows (quivered)
Armour
 e - a +0 robe (worn)
Scrolls
 b - 2 scrolls of enchant weapon {unknown}
 c - a scroll of immolation {unknown}
 h - a scroll of identify {unknown}
 i - a scroll of magic mapping {unknown}
Potions
 g - a potion of lignification {unknown}
Comestibles
 f - 2 rations


   Skills:
 * Level 1.4 Fighting
 * Level 2.3 Bows
 + Level 0.4 Armour
 + Level 2.1 Dodging
 + Level 0.4 Stealth
 - Level 1.0 Spellcasting
 - Level 3.0 Hexes


You couldn't memorise any spells.
You knew the following spells:

 Your Spells              Type           Power        Failure   Level  Hunger
a - Corona                Hex            #......      9%          1    ##.....
b - Slow                  Hex            #.......     13%         2    ###....

Your spell library contained the following spells:

 Spells                   Type           Power        Failure   Level  Hunger
 Inner Flame              Hex/Fire       #.......     43%         3    ####...
 Portal Projectile        Hex/Tloc       #.....       43%         3    ####...
 Cause Fear               Hex            #.........   65%         4    #####..
 Leda's Liquefaction      Hex/Erth       #.........   85%         4    #####..


Dungeon Overview and Level Annotations

Branches:
Dungeon (4/15)
 Temple: D:4-7

Altars:


Message History

Casting: Slow (safe; 13% risk of failure)
Confirm with . or Enter, or press ? or * to list all spells.
Aiming: Corona (safe; 9% risk of failure)
Press: ? - help, Shift-Dir - straight line, f/p - ogre
Aim: an ogre, wielding a +0 giant club (chance to defeat MR: 41%)
The ogre resists with significant effort.
Firing (i - inventory)
d - 96 arrows (quivered)
Press: ? - help, Shift-Dir - straight line, f/p - ogre
Aim: an ogre, wielding a +0 giant club You shoot an arrow.
The arrow hits the ogre.
The ogre is moderately wounded.
Firing (i - inventory)
d - 95 arrows (quivered)
Press: ? - help, Shift-Dir - straight line, f/p - ogre
Aim: an ogre, wielding a +0 giant club (moderately wounded)
You shoot an arrow.
The arrow hits the ogre but does no damage.
The ogre is moderately wounded.
The ogre hits you with a +0 giant club!!
Ouch! That really hurt!
You die...

....# ....#
#########....#
#............#
#.......$....#
#............#
#.....O......#
#......@.....+
##.....###...#
....... .#
#......
+......
#......
######+


You could see an ogre.

Vanquished Creatures
  An adder (D:2)
  A giant cockroach (D:3)
  A goblin (D:2)
  A kobold (D:3)
  2 rats
6 creatures vanquished.

Notes
Turn   | Place    | Note
-------+----------+-------------------------------------------
     0 | D:1      | babuloseo the Human Arcane Marksman began the quest for the
                  | Orb.
     0 | D:1      | Reached XP level 1. HP: 15/15 MP: 2/2
    18 | D:2      | Reached XP level 2. HP: 21/21 MP: 1/3
    46 | D:2      | Learned a level 2 spell: Slow
   292 | D:4      | Noticed an ogre
   296 | D:4      | Mangled by an ogre

Illustrated notes

Levels and vault maps discovered:
D:1:      dpeg_arrival_stonehenge_8_columns, layout_basic
D:2:      layout_loops_ring, zin_treasury, nicolae_qazlal_style_of_elements,
          uniq_natasha
D:3:      layout_basic
D:4:      layout_gridville, serial_shops, nicolae_shop_statue_plus,
          serial_bayou_lake_a, uniq_ijyb, uniq_edmund, uniq_crazy_yiuf_cottage,
          uniq_robin

Action                   || total
-------------------------++-------
 Fire: Shortbow          ||    17
 Cast: Corona            ||     4
       Slow              ||     2
  Use: Potion            ||     1
Armor: Robe              ||     2
Dodge: Dodged            ||     3
